 Dungeon Crawl Stone Soup version 0.31.0-12-g77e489cdc1 (webtiles) character file.

Game seed: 4507479383296174979

38 spaghetti the Shooter (level 3, 0/35 HPs)
             Began as a Naga Hunter on Feb 18, 2024.
             Was a Follower of Ru.
             Succumbed to an adder's poison
             ... on level 2 of the Dungeon.
             The game lasted 00:01:29 (902 turns).

spaghetti the Shooter (Naga Hunter)                  Turns: 902, Time: 00:01:29

Health: 0/35       AC:  2    Str:  8 (11) XL:     3   Next: 43%
Magic:  3/3        EV:  9    Int:  6 (9)  God:    Ru [*.....]
Gold:   73         SH:  0    Dex: 15 (16) Spells: 2/2 levels left

rFire   . . .        a - +0 shortbow
rCold   . . .        (shield currently unavailable)
rNeg    . . .        c - +0 leather armour
rPois   +            (no helmet)
rElec   .            (no cloak)
rCorr   .            (no gloves)
SInv    +            (no barding)
Will    +....        (no amulet)
Stlth   ++           (no ring)
HPRegen 0.25/turn    (no ring)
MPRegen 0.08/turn

%: no passive effects
@: mighty, lethally poisoned (0 -> -5), short of breath, enlightened, flying,
very slow
A: AC +1, large, see invisible, deformed body, poison resistance, slowness 2,
spit poison 1, inability to train armour, naga tail 1, robust 1, weak 1
a: Spit Poison, Renounce Religion


You were on level 2 of the Dungeon.
You worshipped Ru.
Ru was aware of your devotion.
You visited 1 branch of the dungeon, and saw 2 of its levels.

You collected 73 gold pieces.

Inventory:

Hand Weapons
 a - a +0 shortbow (weapon)
Missiles
 n - 5 curare-tipped darts
Armour
 c - a +0 leather armour (worn)
Scrolls
 b - a scroll of butterflies
 g - a scroll of teleportation {unknown}
 j - a scroll of noise {unknown}
 l - 2 scrolls of identify {unknown}
Potions
 k - a potion of heal wounds {unknown}
 m - a potion of magic {unknown}


   Skills:
 - Level 2.0 Fighting
 + Level 4.7 Ranged Weapons
 - Level 1.5 Dodging
 - Level 1.5 Stealth


You had 2 spell levels left.
You didn't know any spells.
Your spell library was empty.

Dungeon Overview and Level Annotations

Branches:
Dungeon (2/15)

Altars:
Ru

Shops:
D:2 =


Innate Abilities, Weirdness & Mutations

Your serpentine skin is tough. (AC +1)
You have supernaturally acute eyesight. (SInv)
Armour fits poorly on your strangely shaped body.
Your system is resistant to poisons. (rPois)
You cover ground very slowly.
You can spit poison.
You cannot train Armour skill.
You have a snake-like lower body.
You are robust. (+10% HP)
You are weak. (Str -2)


Message History

You are poisoned.
The adder poisons you! The adder bites you.
You feel very sick. The adder attacks as it pursues you! The adder bites you.
* * * LOW HITPOINT WARNING * * *
The dart slug begins to attack, but is stunned by your conviction!
The adder barely misses you.
Unknown command.
It was a potion of enlightenment.
You feel very buoyant.
You fly up into the air.
You feel sick. The adder bites you.
* * * LOW HITPOINT WARNING * * *
It was a potion of curing.
You feel better. The adder bites you.
* * * LOW HITPOINT WARNING * * *
Okay, then.
Aiming: Spit Poison (2% risk of failure)
Press: ? - help, Shift-Dir - straight line, f/p - adder
Aim: an adder (severely wounded, 37% to hit)
The splash of poison misses the adder.
The splash of poison misses the frilled lizard.
The adder bites you.
* * * LOW HITPOINT WARNING * * *
The adder bites you.
* * * LOW HITPOINT WARNING * * *
Unknown command.
It was a potion of might.
You feel very mighty all of a sudden. The adder bites you.
* * * LOW HITPOINT WARNING * * *
You are lethally poisoned!
The adder poisons you!
It was a potion of mutation.
You feel extremely strange.
You feel weaker.
You feel robust.
* * * LOW HITPOINT WARNING * * *
You feel sick. The adder bites you.
* * * LOW HITPOINT WARNING * * *
It was a potion of degeneration.
There was something very wrong with that liquid.
You feel weakened.
You feel dopey.
You feel clumsy.
You die...

............# ####.#.##
............# #.......#
.# ............#
#.##.##+##.#
.....†......#
#.##.#......
........#####
#.##.#...... ..........#
##.##.#......
###.......#
#............
#.......##.#.###........
#.......##....@Sl.......
#.......########..##+###
#.......# .†....
######### .......#
........# # ..>.....## #
.......†.. #
................. #
......


You could see an adder and a frilled lizard.

Vanquished Creatures
  An adder (D:2)
  3 ball pythons
  An endoplasm (D:2)
  A goblin (D:1)
  3 hobgoblins
  5 jackals
  2 kobolds (D:2)
  5 bats (D:2)
  3 frilled lizards
  4 rats
28 creatures vanquished.

Notes
Turn   | Place    | Note
-------+----------+-------------------------------------------
     0 | D:1      | spaghetti the Naga Hunter began the quest for the Orb.
     0 | D:1      | Reached XP level 1. HP: 19/19 MP: 1/1
   259 | D:1      | Reached skill level 4 in Ranged Weapons
   259 | D:1      | Reached XP level 2. HP: 26/26 MP: 2/2
   507 | D:1      | Found a faded altar of an unknown god.
   514 | D:1      | Prayed at the altar of an unknown god.
   514 | D:1      | Became a worshipper of Ru the Awakened
   524 | D:1      | Gained mutation: You cannot train Armour skill. [Ru
                  | sacrifice]
   524 | D:1      | Reached * piety under Ru
   594 | D:2      | Found Satrid's Jewellery Emporium.
   812 | D:2      | Reached XP level 3. HP: 29/32 MP: 3/3
   901 | D:2      | Gained mutation: You are weak. (Str -2) [potion of
                  | mutation]
   901 | D:2      | Gained mutation: You are robust. (+10% HP) [potion of
                  | mutation]
   901 | D:2      | HP: 1/35 [adder (2)]
   902 | D:2      | Succumbed to an adder's poison

Illustrated notes

Levels and vault maps discovered:
D:1:      scummos_arrival_simple_fountains, layout_basic, basic_ecumenical_altar
D:2:      layout_basic, serial_shops, shop, minmay_octomino_c4

Skill      XL: |  1 |
---------------+----+-----
Ranged Weapons | 4 |  4.7
Fighting       | |  2.0
Dodging        | |  1.5
Stealth        | |  1.5

Action                     || total
---------------------------++-------
   Fire: Shortbow          ||    95
 Invoke: Sacrifice Durabil ||     1
Ability: Spit Poison       ||     2
    Use: Scroll            ||     2
         Potion            ||     5
 Armour: Leather armour    ||    56
  Dodge: Dodged            ||    40
